 Dungeon Crawl Stone Soup version 0.28-a0-850-g09de17f5b5 (webtiles) character file.

Game seed: 15052600937131473183

42280 mcbry74 the Bludgeoner (level 13, -7/110 HPs)
             Began as a Troll Gladiator on Nov 13, 2021.
             Was an Elder of the Shining One.
             Mangled by a yak (12 damage)
             ... on level 4 of the Lair of Beasts.
             The game lasted 01:25:39 (16327 turns).

mcbry74 the Bludgeoner (Troll Gladiator)           Turns: 16327, Time: 01:25:40

Health: -7/110     AC: 15    Str: 28    XL:     13   Next: 84%
Magic:  20/20      EV: 11    Int:  5    God:    the Shining One [****..]
Gold:   872        SH:  0    Dex: 11    Spells: 12/12 levels left

rFire   + . .      SeeInvis +   y - +1 giant spiked club (vorpal)
rCold   . . .      Faith    .   (shield currently unavailable)
rNeg    + + .      Spirit   .   i - +5 robe of Night {Dark Will+ SInv}
rPois   .          Reflect  .   c - +0 hat
rElec   .          Harm     .   C - +1 cloak {rCorr}
rCorr   +          Rampage  .   (gloves unavailable)
Will    +....                   (boots unavailable)
Stlth   +.........              L - amulet of the acrobat
HPRegen 1.28/turn               Q - +4 ring of protection
MPRegen 0.17/turn               n - ring of protection from fire

@: lethally poisoned (-7 -> -9), about to teleport, glowing
A: large, unfitting armour, claws 3, regeneration 1, shaggy fur 1, tough skin 1
a: Renounce Religion, Divine Shield, Cleansing Flame


You were on level 4 of the Lair of Beasts.
You worshipped the Shining One.
The Shining One was greatly pleased with you.
You visited 2 branches of the dungeon, and saw 17 of its levels.

You collected 872 gold pieces.

Inventory:

Hand Weapons
 k - the +4 hand axe of Jaoroe {vorpal, Drain rElec rPois rC+}
   (You found it on level 2 of the Lair of Beasts)

   It inflicts extra damage upon your enemies.
   rC:        It protects you from cold.
   rElec:     It insulates you from electricity.
   rPois:     It protects you from poison.
   Drain:     It drains your maximum health when unequipped.
 y - a +1 vorpal giant spiked club (weapon)
Missiles
 e - 29 poisoned darts
 M - 3 boomerangs of dispersal
 N - 12 boomerangs (quivered)
 S - 6 large rocks
Armour
 c - a +0 hat (worn)
 f - a +2 robe of cold resistance
 i - the +5 robe of Night (worn) {Dark Will+ SInv}
   (You found it on level 4 of the Dungeon)

   It shrouds the wearer in darkness, reducing the range at which they can see
   and be seen by others.
   SInv:      It lets you see invisible.
   Will:      It increases your willpower.
 C - a +1 cloak of preservation (worn)
 F - a +2 cloak of poison resistance
Jewellery
 g - a ring of protection from fire
 n - a ring of protection from fire (right claw)
 q - a ring of flight
 t - a ring of poison resistance
 v - a ring of wizardry
 x - a ring of willpower
 z - a ring of ice
 H - a ring of ice
 K - a ring of protection from cold
 L - an amulet of the acrobat (around neck)
 Q - a +4 ring of protection (left claw)
Wands
 b - a wand of digging (8)
 D - a wand of acid (14)
 G - a wand of flame (76)
 I - a wand of polymorph (8)
 U - a wand of iceblast (13)
 V - a wand of charming (4)
 W - a wand of mindburst (20)
Scrolls
 a - a scroll of vulnerability {unknown}
 d - a scroll of amnesia
 h - 3 scrolls of acquirement
 j - 4 scrolls of enchant armour
 m - a scroll of summoning
 r - 3 scrolls of holy word
 u - 2 scrolls of fog
 A - 7 scrolls of teleportation
 O - a scroll of magic mapping {unknown}
 P - a scroll of fear {unknown}
 R - 2 scrolls of immolation {unknown}
 X - a scroll of blinking
 Z - 2 scrolls of identify
Potions
 l - 4 potions of heal wounds
 o - a potion of invisibility
 p - 5 potions of haste
 s - 6 potions of curing
 w - 3 potions of might
 B - 4 potions of lignification
 E - a potion of mutation
 J - a potion of resistance
 T - 4 potions of attraction
 Y - a potion of ambrosia {unknown}


   Skills:
 + Level 2.5 Fighting
 + Level 16.5 Maces & Flails
 * Level 7.6 Throwing
 + Level 2.6 Armour
 + Level 5.3 Dodging
 + Level 11.5 Invocations


You had 12 spell levels left.
You didn't know any spells.
Your spell library contained the following spells:

 Spells                   Type           Power      Damage    Failure   Level
 Blink                    Tloc           0%         N/A       63%         2
 Frozen Ramparts          Ice            0%         1d2       85%         3
 Gell's Gravitas          Tloc           0%         N/A       85%         3
 Lesser Beckoning         Tloc           0%         N/A       85%         3
 Teleport Other           Tloc           0%         N/A       85%         3
 Tukima's Dance           Hex            0%         N/A       85%         3
 Ice Form                 Ice/Tmut       0%         N/A       99%         4
 Passage of Golubria      Tloc           0%         N/A       99%         4
 Summon Ice Beast         Ice/Summ       0%         N/A       99%         4
 Manifold Assault         Tloc           0%         N/A       100%        5
 Yara's Violent Unravell  Hex/Tmut       0%         3d3       100%        5
 Storm Form               Tmut/Air       0%         N/A       100%        7


Dungeon Overview and Level Annotations

Branches:
Dungeon (11/15)            Temple (0/1) D:4            Lair (6/6) D:9
 Shoals (0/4) Lair:4       Spider (0/4) Lair:2        Slime (0/5) Lair:6
    Orc (0/2) D:9

Altars:
Ashenzari
Cheibriados
Hepliaklqana
Nemelex Xobeh
Qazlal
Ru
Uskayaw
Vehumet
Wu Jian
Xom
Yredelemnul
The Shining One
Beogh
Jiyva

Shops:
D:1 !   D:2 *   D:5 *

Annotations:
Lair:2 2 transporters, tstbtto's ghost, journeyman DjBe
Lair:5 2 transporters, DEFE's ghost, journeyman DECA
Lair:6 1 runed translucent door


Innate Abilities, Weirdness & Mutations

You are too large for most types of armour.
You have claws for hands.
Your natural rate of healing is unusually fast.
You are covered in fur. (AC +1)
You have tough skin. (AC +1)


Message History

The cane toad misses you. The yak gores you. The five-headed hydra bites you.
The five-headed hydra bites you! The five-headed hydra bites you.
The five-headed hydra bites you but does no damage. x2
The yak gores you. The cane toad stings you.
You are poisoned.
The cane toad poisons you!
You climb upwards.
Level annotation: 2 transporters, DEFE's ghost, journeyman DECA You feel extremely sick.
There is a stone staircase leading down, spattered with blood here.
You feel very sick. The cane toad closely misses you.
You feel sick.
You feel sick.
You feel sick.
You feel sick.
There is a stone staircase leading up here.
You feel sick. The cane toad stings you!
You are more poisoned.
The cane toad poisons you!
The five-headed hydra bites you but does no damage.
The five-headed hydra bites you. x3
* * * LOW HITPOINT WARNING * * *
The five-headed hydra bites you.
* * * LOW HITPOINT WARNING * * *
The yak closely misses you.
You climb upwards.
You feel very sick.
There is a stone staircase leading down here.
As you read the scroll of teleportation, it crumbles to dust.
You feel strangely unstable.
You feel sick. The cane toad stings you!
* * * LOW HITPOINT WARNING * * *
The five-headed hydra bites you but does no damage.
The five-headed hydra completely misses you.
The five-headed hydra bites you.
* * * LOW HITPOINT WARNING * * *
The five-headed hydra bites you but does no damage.
The five-headed hydra barely misses you.
The yak gores you!
You die...

#.................##.#####....###
#.............................###
.................................
.................................
.................................
.........#.......................
#.......#.##.......###..[........
..........#.....F..##............
#.....##........@D##....###'''###
#.....##........Y...#..[#.......#
......##..........<.....#.......#
#.....#...#........##...#.#...#.#
.......#..##.......##...#..#.#..#
#......#..##.......#P...#.#...#.#
......##.#.#............#.[.[...#
........##.P.......##...#.......#
...........P............#########


You could see a five-headed hydra, a yak and a cane toad.

Vanquished Creatures
  The ghost of Maxop the Basher, a journeyman TrFi (Lair:4)
  The ghost of senseless the Warrior, a journeyman MiFi of Cheibriados (Lair:3)
  Snorg (D:10)
  Fannar (Lair:2)
  The ghost of Leszczynek the Martial Artist, a journeyman HuGl of Cheibriados (D:10)
  5 hydras
  A catoblepas (Lair:1)
  A boulder beetle (Lair:5)
  A two-headed ogre (D:9)
  4 death yaks (Lair:2)
  Nergalle (Lair:3)
  A glowing orange brain (Lair:3)
  A wizard (D:11)
  A wolf spider (Lair:2)
  A manticore (D:10)
  An oklob plant (Lair:4)
  A slime creature (Lair:3)
  10 elephants (Lair:6)
  Joseph (Lair:1)
  6 black mambas
  A torpor snail (Lair:3)
  4 cane toads
  2 rime drakes
  8 komodo dragons
  A troll (D:10)
  5 polar bears
  9 blink frogs
  Prince Ribbit (D:9)
  A vampire (D:11)
  35 yaks
  A wyvern (D:11)
  5 basilisks
  3 hogs (D:11)
  3 vampire mosquitoes (D:10)
  Menkaure (D:5)
  14 water moccasins
  A sky beast (D:7)
  7 black bears
  4 orc warriors
  3 ice beasts
  4 ogres
  A necrophage (D:5)
  3 centaurs
  3 phantoms
  11 wolves
  3 kobold brigands
  Blork the orc (D:5)
  21 bullfrogs
  2 scorpions
  A gnoll sergeant (D:9)
  A water moccasin zombie (D:5)
  A water moccasin skeleton (D:6)
  9 killer bees (D:9)
  10 howler monkeys
  8 wights (D:7)
  An electric eel (Lair:4)
  3 centaur zombies
  A crimson imp (D:4)
  5 jellies
  5 hounds
  A bullfrog skeleton (D:7)
  A centaur skeleton (D:6)
  8 orc priests
  Crazy Yiuf (D:6)
  Jessica (D:3)
  13 orc wizards
  An iguana (D:6)
  2 hound zombies
  2 hound skeletons
  A howler monkey zombie (D:5)
  12 gnolls
  5 adders
  A shadow imp (D:8)
  An ufetubus (D:7)
  2 worms (D:3)
  2 dart slugs
  19 orcs
  4 ball pythons
  5 endoplasms
  2 giant cockroaches
  7 goblins
  6 hobgoblins
  23 kobolds
  2 quokkas
  3 bats
  5 frilled lizards
  A giant cockroach zombie (D:3)
  2 goblin skeletons (D:4)
  A hobgoblin zombie (D:4)
  2 kobold skeletons (D:4)
  2 kobold zombies (D:4)
  An orc skeleton (D:4)
  5 rats
388 creatures vanquished.

Vanquished Creatures (others)
  20 fungi
  62 plants
  9 withered plants (Lair:6)
91 creatures vanquished.

Grand Total: 479 creatures vanquished

Notes
Turn   | Place    | Note
-------+----------+-------------------------------------------
     0 | D:1      | mcbry74 the Troll Gladiator began the quest for the Orb.
     0 | D:1      | Reached XP level 1. HP: 19/19 MP: 0/0
   277 | D:2      | Reached skill level 3 in Maces & Flails
   305 | D:2      | Found Nouprig's General Store.
   488 | D:3      | Reached XP level 2. HP: 26/27 MP: 1/1
   661 | D:4      | Found a glowing golden altar of the Shining One.
   663 | D:4      | Noticed a crimson imp
   694 | D:4      | Reached skill level 4 in Maces & Flails
   694 | D:4      | Reached XP level 3. HP: 31/33 MP: 2/2
   696 | D:4      | Reached XP level 4. HP: 40/41 MP: 3/3
   720 | D:4      | Became a worshipper of the Shining One
   724 | D:4      | Found the +5 robe of Night {Dark Will+ SInv}
   847 | D:4      | Found a hazy altar of Hepliaklqana.
   859 | D:4      | Noticed an ogre
   864 | D:4      | HP: 2/41 [ogre (32)]
   920 | D:4      | Killed an ogre
   921 | D:4      | Reached skill level 5 in Maces & Flails
   921 | D:4      | Reached XP level 5. HP: 20/48 MP: 4/4
  1007 | D:4      | Noticed a phantom
  1023 | D:4      | Killed a phantom
  1024 | D:4      | Reached skill level 6 in Maces & Flails
  1024 | D:4      | Reached XP level 6. HP: 33/55 MP: 5/5
  1267 | D:4      | Found a staircase to the Ecumenical Temple.
  1329 | D:3      | Found a sacrificial altar of Ru.
  1550 | D:3      | Found a basalt altar of Yredelemnul.
  1638 | D:3      | Noticed Jessica
  1648 | D:3      | Killed Jessica
  1648 | D:3      | Reached * piety under the Shining One
  1649 | D:3      | Reached skill level 7 in Maces & Flails
  1847 | D:2      | Reached XP level 7. HP: 59/62 MP: 6/6
  2378 | D:1      | Found Piut's Distillery.
  3061 | D:3      | Found a faded altar of an unknown god.
  3578 | D:5      | Entered Level 5 of the Dungeon
  3644 | D:5      | Reached skill level 1 in Invocations
  3646 | D:5      | Reached skill level 8 in Maces & Flails
  3685 | D:5      | Noticed Blork the orc
  3688 | D:5      | Noticed Menkaure
  3690 | D:5      | Killed Blork the orc
  3695 | D:5      | Killed Menkaure
  3710 | D:5      | Reached XP level 8. HP: 58/70 MP: 8/8
  3804 | D:5      | Found Woiczouw's Gadget Gallery.
  4022 | D:5      | Reached skill level 9 in Maces & Flails
  4279 | D:5      | Found a shimmering altar of Xom.
  4375 | D:6      | Identified 4 scrolls of acquirement
  4375 | D:6      | Acquired a +0 cloak of preservation
  4503 | D:6      | Reached ** piety under the Shining One
  4668 | D:6      | Found a runed translucent door.
  4670 | D:6      | Noticed Crazy Yiuf
  4673 | D:6      | Killed Crazy Yiuf
  4790 | D:6      | Reached skill level 10 in Maces & Flails
  4985 | D:7      | Reached XP level 9. HP: 76/76 MP: 11/11
  5234 | D:7      | You fall into a shaft and drop 2 floors!
  5244 | D:9      | Found a staircase to the Orcish Mines.
  5322 | D:8      | Reached skill level 5 in Invocations
  5336 | D:8      | Reached skill level 11 in Maces & Flails
  5825 | D:7      | Reached *** piety under the Shining One
  5948 | D:7      | Found a hide-covered altar of Uskayaw.
  6403 | D:8      | Found a sparkling altar of Nemelex Xobeh.
  6493 | D:8      | Found a stormy altar of Qazlal.
  6683 | D:9      | Reached XP level 10. HP: 85/85 MP: 13/13
  6763 | D:9      | Noticed a two-headed ogre
  6772 | D:9      | Killed a two-headed ogre
  6773 | D:9      | Reached skill level 12 in Maces & Flails
  7232 | D:9      | Found a staircase to the Lair.
  7580 | D:9      | Found a snail-covered altar of Cheibriados.
  7613 | D:9      | Reached skill level 13 in Maces & Flails
  7832 | D:9      | Noticed Prince Ribbit
  7847 | D:9      | Killed Prince Ribbit
  8100 | D:10     | Entered Level 10 of the Dungeon
  8199 | D:10     | Noticed Snorg
  8205 | D:10     | Killed Snorg
  8206 | D:10     | Reached XP level 11. HP: 84/92 MP: 14/16
  8481 | D:10     | Found a radiant altar of Vehumet.
  8533 | D:10     | Found an ornate altar of the Wu Jian Council.
  8667 | D:10     | Reached **** piety under the Shining One
  8707 | D:10     | Found a runed translucent gate.
  8707 | D:10     | Found a runed translucent gate.
  8708 | D:10     | Found a runed translucent gate.
  8708 | D:10     | Noticed Leszczynek's ghost (journeyman HuGl)
  8724 | D:10     | Killed Leszczynek's ghost
  8963 | D:10     | Reached skill level 14 in Maces & Flails
  9227 | D:11     | Noticed a wizard
  9239 | D:11     | Killed a wizard
  9366 | D:11     | Noticed a five-headed hydra
  9374 | D:11     | Killed a five-headed hydra
  9408 | D:11     | Found a huge runed translucent gate.
  9409 | D:11     | Found a huge runed translucent gate.
  9410 | D:11     | Found a huge runed translucent gate.
  9411 | D:11     | Found a huge runed translucent gate.
 10066 | D:11     | Reached skill level 15 in Maces & Flails
 10207 | Lair:1   | Entered Level 1 of the Lair of Beasts
 10393 | Lair:1   | Noticed Joseph
 10401 | Lair:1   | Reached XP level 12. HP: 92/100 MP: 18/18
 10406 | Lair:1   | Killed Joseph
 11077 | Lair:1   | Noticed a catoblepas
 11087 | Lair:1   | Killed a catoblepas
 11088 | Lair:1   | Reached skill level 10 in Invocations
 11502 | Lair:2   | Noticed Fannar
 11511 | Lair:2   | Killed Fannar
 11581 | Lair:2   | Reached skill level 16 in Maces & Flails
 11630 | Lair:2   | Found a hole to the Spider Nest.
 11686 | Lair:2   | Noticed a death yak
 11702 | Lair:2   | Killed a death yak
 11809 | Lair:2   | Identified the +4 hand axe of Jaoroe {vorpal, Drain rElec
                  | rPois rC+}
 12038 | Lair:2   | Found a transporter.
 12038 | Lair:2   | Noticed tstbtto's ghost (journeyman DjBe)
 12045 | Lair:2   | Found a transporter.
 12087 | Lair:2   | Noticed a death yak
 12089 | Lair:2   | Noticed a death yak
 12131 | Lair:2   | Noticed a death yak
 12134 | Lair:2   | Killed a death yak
 12143 | Lair:2   | Killed a death yak
 12149 | Lair:2   | Killed a death yak
 12187 | Lair:2   | Found a broken altar of Ashenzari.
 12691 | Lair:3   | Found a runed translucent gate.
 12691 | Lair:3   | Found a runed translucent gate.
 12691 | Lair:3   | Found a runed translucent gate.
 12695 | Lair:3   | Noticed senseless's ghost (journeyman MiFi)
 12703 | Lair:3   | Noticed Nergalle
 12723 | Lair:3   | Killed Nergalle
 12910 | Lair:3   | Noticed an eight-headed hydra
 12915 | Lair:3   | Killed an eight-headed hydra
 12916 | Lair:3   | Reached skill level 5 in Throwing
 13102 | Lair:3   | Found the +14 obsidian axe {vorpal, Mesm Drain Fly SInv}
 13560 | Lair:3   | Reached XP level 13. HP: 106/106 MP: 18/20
 13595 | Lair:3   | Killed senseless's ghost
 13651 | Lair:3   | Found a viscous altar of Jiyva.
 13903 | Lair:4   | You fall into a shaft and drop 2 floors!
 13903 | Lair:6   | Entered Level 6 of the Lair of Beasts
 13903 | Lair:6   | Found a runed translucent door.
 13903 | Lair:6   | Found a viscous altar of Jiyva.
 13904 | Lair:6   | Found a staircase to the Slime Pits.
 14190 | Lair:6   | Reached skill level 1 in Armour
 14449 | Lair:4   | Found a staircase to the Shoals.
 14593 | Lair:4   | Found a runed translucent gate.
 14594 | Lair:4   | Found a runed translucent gate.
 14594 | Lair:4   | Noticed Maxop's ghost (journeyman TrFi)
 14595 | Lair:4   | Found a runed translucent gate.
 14736 | Lair:4   | Killed Maxop's ghost
 14737 | Lair:4   | Reached skill level 5 in Dodging
 15555 | Lair:5   | Noticed DEFE's ghost (journeyman DECA)
 15581 | Lair:5   | Found a transporter.
 15588 | Lair:5   | Found a transporter.
 16327 | Lair:4   | HP: 5/110 [five-headed hydra (1)]
 16327 | Lair:4   | Mangled by a yak

Illustrated notes

Levels and vault maps discovered:
D:1:      minmay_arrival_shoal_huts, layout_loops_corners,
          serial_co_window_serial, co_window_of_opportunity_a,
          co_window_of_opportunity_a, co_window_paths_a, co_window_paths_b,
          co_window_of_opportunity_a, co_window_cross_3, co_window_corner_cb,
          co_window_unsneaky_path_d, co_window_paths_d, glass_columns_a,
          glass_columns_b, glass_columns_b, serial_shops, shop
D:2:      layout_basic, serial_shops, shop, minmay_cupped
D:3:      layout_loops_corners, mainiacjoe_overflow_concentric_impassable,
          lemuel_zombie_altar_yredelemnul,
          hellmonk_ecumenical_altar_pennies_from_heaven, uniq_jessica
D:4:      layout_rooms, nicolae_tso_besieged_by_evil, lemuel_doored_altar,
          temple_hall, kennysheep_generic_room_9
D:5:      layout_loops_ring, marbit_many_paths, nicolae_shop_gadgets,
          uniq_menkaure, uniq_blork_the_orc
D:6:      layout_cave_pools, hangedman_abyss_or_decor_stabs,
          uniq_crazy_yiuf_cottage
D:7:      layout_cave_pods, overflow_temple_1_default, roderic_lattice_a,
          sigmund_army
D:8:      layout_basic, nicolae_qazlal_eye_of_the_storm,
          nemelex_xobeh_ov_fountains_minmay
D:9:      layout_basic, kennysheep_mini_moat, lair_entry_dummy,
          minmay_orc_entry_temple_small, eino_jars, uniq_prince_ribbit1
D:10:     layout_loops_corners, nicolae_overflow_hidden_temple,
          mainiacjoe_overflow_six_doors_small, ebering_ghost_rock_garden,
          uniq_snorg
D:11:     lemuel_bear_cage, layout_basic, minmay_misc_feat_cross, minmay_holes,
          hangedman_abyss_or_decor_lesser_grid
Lair:1:   layout_cave_shapes, grunt_megastairs_3, serial_bayou_shore_b,
          uniq_joseph
Lair:2:   layout_regular_city, spider_nest_entry_rubble, basic_altar,
          gammafunk_ghost_arena, beast_lair_carwin_10, uniq_fannar
Lair:3:   layout_roguey, gammafunk_ghost_ooze, dreamdust_deal_with_the_devil,
          uniq_nergalle
Lair:4:   layout_regular_city, elwin_shoals_entry_rooms, gammafunk_ghost_split
Lair:5:   layout_regular_city, gammafunk_ghost_arena,
          grunt_forest_small_clearings, lemuel_fruit_tree
Lair:6:   due_jungle_book, layout_concentric_octagons, slime_altar_2,
          minivault_11, serial_bayou_lagoon_a, infiniplex_staircase_pool,
          lemuel_fruit_fields

Skill      XL: |  1  2  3  4  5  6  7  8  9 10 11 12 13 |
---------------+----------------------------------------+-----
Maces & Flails | 3 4 5 6 7 8 10 11 13 15 16 | 16.5
Invocations    | 2 4 6 8 9 10 11 | 11.5
Throwing       | 5 7 |  7.6
Dodging        | 4 5 |  5.3
Armour         | 2 |  2.6
Fighting       | 2 |  2.5

Action                   |  1- 3 |  4- 6 |  7- 9 | 10-12 | 13-15 || total
-------------------------+-------+-------+-------+-------+-------++-------
Melee: Flail             |    65 |    95 |    57 |       |       ||   217
       Giant spiked club |       |       |   200 |   510 |   256 ||   966
Throw: Throwing net      |       |     2 |     2 |     1 |       ||     5
       Boomerang         |       |       |       |       |     5 ||     5
Invok: Divine Shield     |       |       |       |     9 |     4 ||    13
       Cleansing Flame   |       |       |       |     2 |       ||     2
  Use: Scroll            |       |       |     5 |    15 |     5 ||    25
       Potion            |       |       |       |       |     2 ||     2
Armor: Robe              |    31 |    29 |   105 |   299 |   135 ||   599
Dodge: Dodged            |    37 |    40 |   127 |   296 |   154 ||   654
Block: Other             |       |       |       |    57 |    21 ||    78

Table legend: (Time is in decaauts)
 A = Elapsed time spent in this place.
 B = Non-inter-level travel time spent in this place.
 C = Inter-level travel time spent in this place.
 D = Time resting spent in this place.
 E = Time spent auto-exploring this place.
 F = Levels seen in this place.
 G = Mean time per level.
                   A        B        C        D        E       F      G
               +--------+--------+--------+--------+--------+-----+--------+
         Total |  16477 |  15851 |    626 |   1303 |  11008 |  17 |  969.2 |
       Dungeon |  10333 |   9890 |    443 |    573 |   7247 |  11 |  939.4 |
          Lair |   6144 |   5961 |    183 |    730 |   3761 |   6 | 1024.0 |
               +--------+--------+--------+--------+--------+-----+--------+

Top non-repeatable levels by time:
     D:9: 1583 daAuts
  Lair:1: 1355 daAuts
  Lair:3: 1233 daAuts
  Lair:4: 1145 daAuts
     D:1: 1100 daAuts
    D:10: 1084 daAuts
     D:7: 1081 daAuts
  Lair:5: 1024 daAuts
    D:11: 1022 daAuts
     D:3: 1014 daAuts
  Lair:2: 993 daAuts
     D:4: 789 daAuts
     D:5: 785 daAuts
     D:2: 705 daAuts
     D:6: 616 daAuts
